 Dungeon Crawl Stone Soup version 0.31-a0-182-gc5ef74bbde (webtiles) character file.

Game seed: 9757986975826693598

451 senseless the Ducker (level 6, -1/52 HPs)
             Began as a Demigod Gladiator on June 20, 2023.
             Succumbed to a scorpion's poison
             ... on level 5 of the Dungeon.
             The game lasted 00:07:15 (3768 turns).

senseless the Ducker (Demigod Gladiator)            Turns: 3768, Time: 00:07:15

Health: -1/52      AC:  5    Str: 15    XL:     6   Next: 45%
Magic:  17/17      EV: 14    Int: 10    God:
Gold:   176        SH:  0    Dex: 23    Spells: 5/5 levels left

rFire   . . .        a - +0 long sword
rCold   . . .        (no shield)
rNeg    . . .        b - +0 leather armour
rPois   .            c - +0 helmet
rElec   .            q - +0 cloak
rCorr   .            (no gloves)
SInv    .            (no boots)
Will    .....        (no amulet)
Stlth   ++           g - ring of magical power
HPRegen 0.28/turn    n - ring of wizardry
MPRegen 0.15/turn

%: wizardry (x1)
@: lethally poisoned (-1 -> -11), hasted, very quick
A: high MP 1, forlorn, divine attributes
a: no special abilities


You were on level 5 of the Dungeon.
You visited 1 branch of the dungeon, and saw 5 of its levels.

You collected 176 gold pieces.

Inventory:

Hand Weapons
 a - a +0 long sword (weapon)
 f - a +2 whip of venom
Missiles
 d - 3 throwing nets (quivered)
 e - 4 javelins
Armour
 b - a +0 leather armour (worn)
 c - a +0 helmet (worn)
 q - a +0 cloak (worn)
Magical Staves
 w - a staff of conjuration
Jewellery
 g - a ring of magical power (left hand)
 n - a ring of wizardry (right hand)
Wands
 h - a wand of flame (19)
 r - a wand of roots (9)
Scrolls
 i - a scroll of teleportation {unknown}
 m - a scroll of immolation
Potions
 k - a potion of might {unknown}
 l - a potion of mutation
 t - a potion of resistance
 u - a potion of brilliance


   Skills:
 + Level 3.9 Fighting
 + Level 4.3 Long Blades
 + Level 2.9 Throwing
 + Level 4.3 Dodging


You had 5 spell levels left.
You didn't know any spells.
Your spell library contained the following spells:

 Spells                   Type           Power      Damage    Failure   Level
 Magic Dart               Conj           0%         1d3       19%         1
 Shock                    Conj/Air       0%         1d3       19%         1
 Sting                    Tmut/Pois      0%         1d3       19%         1
 Call Imp                 Summ           0%         N/A       26%         2
 Poisonous Vapours        Pois/Air       0%         N/A       26%         2
 Gell's Gravitas          Tloc           0%         N/A       45%         3
 Mephitic Cloud           Conj/Pois/Air  0%         N/A       45%         3
 Swiftness                Air            0%         N/A       45%         3
 Teleport Other           Tloc           0%         N/A       45%         3
 Airstrike                Air            0%         2d(0-16)  86%         4
 Olgreb's Toxic Radiance  Pois           0%         N/A       86%         4
 Dispersal                Tloc           0%         N/A       100%        6


Dungeon Overview and Level Annotations

Branches:
Dungeon (5/15)             Temple (0/1) D:4

Shops:
D:4 [


Innate Abilities, Weirdness & Mutations

You have an increased reservoir of magic. (+10% MP)
You shall have no god before yourself.
Your divine heritage dramatically boosts your attributes as you level up.


Message History

* * * LOW HITPOINT WARNING * * *
You are more poisoned.
The scorpion poisons you!
You feel very sick.
You feel sick. The scorpion misses you. The scorpion attacks as you move away!
The scorpion stings you.
* * * LOW HITPOINT WARNING * * *
You are lethally poisoned!
The scorpion poisons you!
* * * LOW HITPOINT WARNING * * *
You feel very sick.
You feel better.
The scorpion stings you but does no damage.
The scorpion attacks as you move away! The scorpion barely misses you.
You are no longer corroded.
The scorpion misses you.
You hit the scorpion.
The scorpion is lightly wounded.
The scorpion stings you.
* * * LOW HITPOINT WARNING * * *
You closely miss the scorpion.
The scorpion is lightly wounded.
The scorpion barely misses you. The scorpion stings you.
* * * LOW HITPOINT WARNING * * *
You completely miss the scorpion.
The scorpion is lightly wounded.
The scorpion stings you but does no damage.
You barely miss the scorpion.
The scorpion is lightly wounded.
The scorpion stings you.
* * * LOW HITPOINT WARNING * * *
You are lethally poisoned!
The scorpion poisons you! The scorpion stings you.
* * * LOW HITPOINT WARNING * * *
It was a potion of haste.
You feel yourself speed up.
* * * LOW HITPOINT WARNING * * *
You feel very sick. The scorpion misses you.
You feel as though your hastened speed will last longer.
You die...

..#..####.#.# #..#
..<.##§§##..#####..#
#.###§§§W##........#
#.#########.######.#
#.##.._..#..# #..#
#.#.........# #.##
#.#.........# #.#
.#..._..#..#####†#####.#
########....Js@.......#
# #§§§R#......##.#######
#. ##§§###..##.##.#
#.######.#..##.##.#
............##.##.#
...$.......###.##.#
........>..........
##.........###.####
##.?...†.## #.#


You could see a scorpion and a jelly.

Vanquished Creatures
  A sky beast (D:3)
  A black bear (D:4)
  A hound (D:4)
  A sleepcap (D:5)
  An iguana (D:5)
  Terence (D:2)
  8 adders
  A white imp (D:5)
  3 worms
  A dart slug (D:1)
  An orc (D:3)
  3 bats
  7 endoplasms
  7 giant cockroaches
  7 goblins
  5 hobgoblins
  6 kobolds
  4 quokkas
  7 ball pythons
  3 frilled lizards (D:2)
  9 rats
78 creatures vanquished.

Notes
Turn   | Place    | Note
-------+----------+-------------------------------------------
     0 | D:1      | senseless the Demigod Gladiator began the quest for the
                  | Orb.
     0 | D:1      | Reached XP level 1. HP: 17/17 MP: 3/3
   233 | D:1      | Reached XP level 2. HP: 22/24 MP: 4/4
   630 | D:2      | Reached XP level 3. HP: 19/30 MP: 5/5
  1010 | D:2      | Reached XP level 4. HP: 37/37 MP: 6/6
  1107 | D:2      | Noticed Terence
  1125 | D:2      | Killed Terence
  1650 | D:3      | You fall into a shaft and drop 1 floor!
  1689 | D:4      | Found a staircase to the Ecumenical Temple.
  2155 | D:4      | Noticed a black bear
  2166 | D:4      | Killed a black bear
  2167 | D:4      | Reached XP level 5. HP: 21/45 MP: 7/7
  2353 | D:4      | Found Koleghud's Antique Armour Shop.
  2489 | D:3      | Noticed a sky beast
  2508 | D:3      | Killed a sky beast
  2509 | D:3      | Reached XP level 6. HP: 13/52 MP: 8/8
  3214 | D:5      | Entered Level 5 of the Dungeon
  3689 | D:5      | Noticed a shadow
  3767 | D:5      | HP: 1/52 [poisoned by a scorpion]
  3768 | D:5      | Succumbed to a scorpion's poison

Illustrated notes

Levels and vault maps discovered:
D:1:      lemuel_arrival_funnel, layout_basic
D:2:      layout_basic, fountainhead, nicolae_half_adder, uniq_terence
D:3:      layout_loops_ring, mainiacjoe_overflow_chevrons,
          basic_ecumenical_altar, serial_glass, glass_columns_a,
          glass_columns_a, glass_columns_b
D:4:      black_bear_nest_1, layout_loops_cross, minmay_temple_entry_grid,
          serial_shops, shop, hangedman_decor_slide_cut
D:5:      layout_loops_ring, riverfiend_overflow_shadow_ancestor,
          nicolae_gozag_cash_rules_everything_around_me

Skill      XL: |  1  2  3  4 |
---------------+-------------+-----
Fighting       | 2 3 |  3.9
Long Blades    | 3 4 |  4.3
Dodging        | 3 4 |  4.3
Throwing       | 2 |  2.9

Action                     |  1- 3 |  4- 6 || total
---------------------------+-------+-------++-------
  Melee: Long sword        |    15 |    15 ||    30
         Whip              |   111 |   116 ||   227
         Punch             |     1 |     2 ||     3
    Use: Scroll            |       |     6 ||     6
         Potion            |       |     3 ||     3
   Stab: Sleeping          |     3 |     4 ||     7
         Distracted        |       |     1 ||     1
 Armour: Leather armour    |    33 |    33 ||    66
  Dodge: Dodged            |    82 |    92 ||   174

Table legend: (Time is in decaauts)
 A = Elapsed time spent in this place.
 B = Non-inter-level travel time spent in this place.
 C = Inter-level travel time spent in this place.
 D = Time resting spent in this place.
 E = Time spent auto-exploring this place.
 F = Levels seen in this place.
 G = Mean time per level.
                   A        B        C        D        E       F      G
               +--------+--------+--------+--------+--------+-----+--------+
         Total |   3797 |   3702 |     95 |    100 |   2957 |   5 |  759.4 |
       Dungeon |   3797 |   3702 |     95 |    100 |   2957 |   5 |  759.4 |
               +--------+--------+--------+--------+--------+-----+--------+

Top non-repeatable levels by time:
     D:4: 924 daAuts
     D:2: 874 daAuts
     D:3: 824 daAuts
     D:1: 617 daAuts
     D:5: 557 daAuts
